[Event "Team 45 45 League T41"]
[Site "Internet Chess Club"]
[Date "2009.06.08"]
[Round "6"]
[White "Timotheous"]
[Black "SugarIslander"]
[Result "0-1"]
[WhiteElo "1614"]
[BlackElo "1729"]
[Opening "Réti opening"]
[ECO "A11"]
[Time "19:00:40"]
[TimeControl "2700+45"]

1. Nf3 d5 2. c4 c6 3. g3 dxc4 4. Bg2 Nf6 5. O-O Bf5 6. b3 Qb6 7. Bb2 cxb3 8.
Bxf6 Bc2 9. Qc1 exf6 10. axb3 Bf5 11. Qb2 Bd6 12. d3 Nd7 13. Nbd2 Ne5 14. Qc2
Be6 15. Nxe5 Bxe5 16. Rab1 O-O 17. Nc4 Qc7 18. Nxe5 fxe5 19. Rfc1 Rac8 20. b4
Qd6 21. Qc5 Qxc5 22. Rxc5 f6 23. Rbc1 a6 24. Kf1 Rfd8 25. Ke1 Kf7 26. Kd2 Rc7
27. Kc3 Rcd7 28. Kb2 Bd5 29. Bxd5+ Rxd5 30. Kb3 Ke6 31. Ka4 Rxc5 32. Rxc5 Kd6
33. Ka5 Kc7 34. f3 b6+ {White resigns} 0-1

[Event "Team 45 45 League T41"]
[Site "Internet Chess Club"]
[Date "2009.06.06"]
[Round "6"]
[White "oldsj"]
[Black "basserben"]
[Result "1-0"]
[WhiteElo "1659"]
[BlackElo "1616"]
[Opening "Caro-Kann: Panov-Botvinnik attack"]
[ECO "B13"]
[Time "10:00:37"]
[TimeControl "2700+45"]

1. e4 c6 2. d4 d5 3. exd5 cxd5 4. c4 Nc6 5. Nf3 Bf5 6. Nc3 g6 7. cxd5 Nb8 8. Qb3
b6 9. Bb5+ Bd7 10. Ne5 Nf6 11. Bf4 Bxb5 12. Qxb5+ Nbd7 13. Rc1 a6 14. Qb3 Bg7
15. Nc6 Qc8 16. O-O b5 17. Rfe1 Bf8 18. Ne5 Qb7 19. d6 e6 20. d5 Nc5 21. Qd1
Bxd6 22. dxe6 Nxe6 23. Qxd6 Nh5 24. Nxf7 Qxf7 25. Rxe6+ Qxe6 26. Qxe6+ Kf8 27.
Bh6+ Ng7 28. Qf6+ Ke8 29. Re1+ Kd7 30. Re7+ Kc8 31. Qc6+ Kb8 32. Qb7# {Black
checkmated} 1-0

[Event "Team 45 45 League T41"]
[Site "Internet Chess Club"]
[Date "2009.06.06"]
[Round "6"]
[White "OGO"]
[Black "foodfight"]
[Result "1-0"]
[WhiteElo "1618"]
[BlackElo "1483"]
[Opening "Sicilian: Kan, 5.Nc3"]
[ECO "B43"]
[Time "14:00:09"]
[TimeControl "2700+45"]

1. e4 c5 2. Nf3 e6 3. d4 cxd4 4. Nxd4 a6 5. Nc3 b5 6. Be2 Qc7 7. O-O d6 8. Be3
Nf6 9. f3 Be7 10. Qd2 O-O 11. Rac1 Bb7 12. Nd1 Nbd7 13. c4 bxc4 14. Bxc4 Qb8 15.
Bb3 Nc5 16. Nf2 Nxb3 17. Nxb3 Rc8 18. Nd3 Rxc1 19. Rxc1 Qd8 20. e5 Nh5 21. g4
Bxf3 22. gxh5 Qb8 23. exd6 Bxd6 24. Bf4 Bxh5 25. Bxd6 Qxd6 26. Nf4 Qxd2 27. Nxd2
Bg4 28. Rc7 g5 29. Ne4 Kg7 30. Nxg5 Rf8 31. h3 Bf5 32. Nfxe6+ Bxe6 33. Nxe6+
{Black resigns} 1-0

[Event "Team 45 45 League T41"]
[Site "Internet Chess Club"]
[Date "2009.06.06"]
[Round "6"]
[White "Berkshires"]
[Black "Skyler"]
[Result "1-0"]
[WhiteElo "1596"]
[BlackElo "1441"]
[Opening "Caro-Kann: classical variation"]
[ECO "B18"]
[Time "15:30:53"]
[TimeControl "2700+45"]

1. e4 c6 2. d4 d5 3. Nc3 dxe4 4. Nxe4 Bf5 5. Nc3 e6 6. Nf3 Nd7 7. Bd3 Bg6 8. O-O
Qc7 9. Re1 O-O-O 10. Qe2 Bd6 11. g3 Ngf6 12. Ne5 Nb6 13. Nxg6 hxg6 14. Bg5 Nbd7
15. Ne4 Rh7 16. Nxd6+ Qxd6 17. c3 Rdh8 18. h4 Rh5 19. Qd2 Nd5 20. Be2 R5h7 21.
Bf3 f6 22. Be3 N7b6 23. b3 Nxe3 24. Qxe3 Re8 25. Rad1 Rhh8 26. c4 Qd7 27. Qd3
Kb8 28. Rd2 Rd8 29. Red1 Kc7 30. d5 exd5 31. cxd5 Qf7 32. d6+ Kc8 33. Re1 Rd7
34. Rde2 Rhd8 35. Re7 Rxe7 36. Rxe7 Qf8 37. Qxg6 Rxd6 38. Re8+ Rd8 39. Rxf8 Rxf8
40. Qxg7 Rd8 41. Qxf6 Re8 42. Bg4+ Kb8 43. Qf4+ Ka8 44. Qf7 Rb8 45. h5 Nd5 46.
h6 Nb6 47. h7 Nd5 48. Bf3 Nb6 49. Qg7 a6 50. h8=Q Rxh8 51. Qxh8+ Ka7 52. Be4 a5
53. Qc3 Nd7 54. Qxa5+ Kb8 55. Qd8+ Ka7 56. Qxd7 Ka8 57. Qc7 Ka7 58. Bxc6 Ka6 59.
Qxb7+ Ka5 60. Qb5# {Black checkmated} 1-0

[Event "Team 45 45 League T41"]
[Site "Internet Chess Club"]
[Date "2009.06.06"]
[Round "6"]
[White "scottrugby"]
[Black "BotanicalKnight"]
[Result "0-1"]
[WhiteElo "1477"]
[BlackElo "1557"]
[Opening "Caro-Kann: exchange, Rubinstein variation"]
[ECO "B13"]
[Time "22:04:20"]
[TimeControl "2700+45"]

1. e4 c6 2. d4 d5 3. exd5 cxd5 4. Bd3 Nc6 5. c3 Nf6 6. Bf4 Bg4 7. Qb3 Qc8 8. Nd2
Bh5 9. Ngf3 Bg6 10. Bxg6 hxg6 11. O-O e6 12. Rae1 Be7 13. Ne5 O-O 14. Re3 Nh5
15. Bg3 Bg5 16. f4 Nxg3 17. Rxg3 Nxe5 18. dxe5 Be7 19. c4 Rd8 20. cxd5 Rxd5 21.
Rc3 Bc5+ 22. Kh1 Rxd2 23. Qb5 b6 24. b4 Qb7 25. bxc5 Qxg2# {White checkmated}
0-1

[Event "Team 45 45 League T41"]
[Site "Internet Chess Club"]
[Date "2009.06.04"]
[Round "6"]
[White "medsurg"]
[Black "hcarstens"]
[Result "1-0"]
[WhiteElo "1439"]
[BlackElo "1374"]
[Opening "English opening: Agincourt variation"]
[ECO "A13"]
[Time "22:00:09"]
[TimeControl "2700+45"]

1. Nf3 e6 2. c4 d5 3. d4 c5 4. e3 Nc6 5. a3 Nf6 6. Nc3 Be7 7. Qc2 O-O 8. Bd3 a6
9. cxd5 exd5 10. O-O c4 11. Bf5 Bxf5 12. Qxf5 g6 13. Qh3 Qd7 14. Qxd7 Nxd7 15.
Nxd5 Bd8 16. Bd2 b5 17. Bc3 Na5 18. Rad1 Rb8 19. Nb4 Ra8 20. Rfe1 Nf6 21. e4 Nb3
22. e5 Nd7 23. d5 Ba5 24. e6 fxe6 25. dxe6 Nf6 26. e7 Rfe8 27. Bxf6 Kf7 28. Bg5
Bc7 29. Rd7 a5 30. Nd5 Bxh2+ 31. Kxh2 Rac8 32. Nc7 Nc5 33. Nxe8 Nxd7 34. Nd6+
Kg8 35. Nxc8 {Black resigns} 1-0

[Event "Team 45 45 League T41"]
[Site "Internet Chess Club"]
[Date "2009.06.05"]
[Round "6"]
[White "Just-Jim"]
[Black "IanT"]
[Result "0-1"]
[WhiteElo "1435"]
[BlackElo "1430"]
[Opening "Queen's pawn game, Chigorin variation"]
[ECO "D02"]
[Time "20:00:15"]
[TimeControl "2700+45"]

1. Nf3 d5 2. d4 Nc6 3. Bf4 Bg4 4. Nbd2 e6 5. e3 Bb4 6. Be2 Nf6 7. h3 Bh5 8. O-O
Bd6 9. Bg5 O-O 10. g4 Bg6 11. Nh4 e5 12. Nxg6 hxg6 13. dxe5 Bxe5 14. c3 Qd6 15.
Nb3 Ne4 16. Bh4 g5 17. Bg3 Bxg3 18. fxg3 Qxg3+ 19. Kh1 Qxh3+ 20. Kg1 Ng3 21. Bf3
Nxf1 22. Qxf1 Qxf1+ 23. Rxf1 Rad8 24. Kg2 Rfe8 25. Re1 g6 26. Kf2 f5 27. gxf5
gxf5 28. Rd1 Re5 29. Nc5 b6 30. Nd3 Re6 31. b4 a6 32. Nb2 Re5 33. c4 Nxb4 34.
Bxd5+ Nxd5 35. cxd5 Rdxd5 36. Rxd5 Rxd5 37. Ke2 Kf7 38. Nd3 Ra5 39. Nb4 Ra4 40.
Nc2 Rxa2 41. Kd3 Rxc2 42. Kxc2 c5 43. Kc3 b5 44. Kd3 a5 45. Ke2 a4 {White
resigns} 0-1

[Event "Team 45 45 League T41"]
[Site "Internet Chess Club"]
[Date "2009.06.06"]
[Round "6"]
[White "Conjurer"]
[Black "thefranman"]
[Result "0-1"]
[WhiteElo "1242"]
[BlackElo "1480"]
[Opening "King's Indian: orthodox variation"]
[ECO "E94"]
[Time "12:00:39"]
[TimeControl "2700+45"]

1. d4 Nf6 2. c4 g6 3. Nc3 Bg7 4. e4 d6 5. Nf3 O-O 6. Be2 e5 7. O-O a5 8. a3 Na6
9. b4 c6 10. b5 Nc7 11. Kh1 exd4 12. Nxd4 Bd7 13. a4 Ne6 14. Be3 Nc5 15. Qc2 Qe7
16. Bg5 h6 17. Bh4 Qe8 18. f3 Nh5 19. Rad1 Nf4 20. Bg3 Be5 21. Rd2 Nce6 22. Bf2
c5 23. Nxe6 fxe6 24. g3 Nxe2 25. Nxe2 Rxf3 26. Ng1 Rc3 27. Qd1 Rxc4 28. Qg4 Rxa4
29. Be3 g5 30. Bxg5 hxg5 31. Qxg5+ Bg7 32. Rdf2 Bxb5 33. Rf8+ Qxf8 34. Rxf8+
Rxf8 35. Qe7 Rxe4 36. Qxb7 Rb4 37. Qc7 Be5 38. Qxa5 d5 39. Qa4 {White resigns}
0-1

[Event "Team 45 45 League T41"]
[Site "Internet Chess Club"]
[Date "2009.06.06"]
[Round "6"]
[White "GadsHill"]
[Black "Zyme"]
[Result "1-0"]
[WhiteElo "1559"]
[BlackElo "1443"]
[Opening "King's Indian: Petrosian system"]
[ECO "E92"]
[Time "09:02:33"]
[TimeControl "2700+45"]

1. d4 Nf6 2. c4 g6 3. Nc3 Bg7 4. e4 d6 5. Nf3 O-O 6. Be2 e5 7. d5 Na6 8. Nd2 Nd7
9. a3 f5 10. b4 Nf6 11. O-O c5 12. dxc6 bxc6 13. Qc2 Nc7 14. Bb2 d5 15. cxd5
cxd5 16. exd5 Ncxd5 17. Bc4 Bb7 18. Rad1 Kh8 19. Nb3 Rc8 20. Nc5 Nxb4 21. axb4
Qb6 22. Qb3 Rxc5 23. bxc5 Qc6 24. f3 Qxc5+ 25. Kh1 Qc6 26. Qb5 {Black resigns}
1-0

[Event "Team 45 45 League T41"]
[Site "Internet Chess Club"]
[Date "2009.06.05"]
[Round "6"]
[White "AtomicDog"]
[Black "UriahHeep"]
[Result "1-0"]
[WhiteElo "1359"]
[BlackElo "1398"]
[Opening "Petrov: classical attack"]
[ECO "C42"]
[Time "11:00:07"]
[TimeControl "2700+45"]

1. e4 e5 2. Nf3 Nf6 3. Nxe5 d6 4. Nf3 Nxe4 5. d4 d5 6. Bd3 Nc6 7. O-O Bg4 8. c4
Nf6 9. cxd5 Nxd5 10. Nc3 Bxf3 11. Qxf3 Nxd4 12. Qe4+ Ne6 13. Nxd5 Qxd5 {Black
resigns} 1-0

[Event "Team 45 45 League T41"]
[Site "Internet Chess Club"]
[Date "2009.06.08"]
[Round "6"]
[White "sdcohle"]
[Black "AlPearson"]
[Result "0-1"]
[WhiteElo "1319"]
[BlackElo "1387"]
[Opening "King's Indian, 3.Nf3"]
[ECO "E60"]
[Time "23:05:39"]
[TimeControl "2700+45"]

1. d4 Nf6 2. Nf3 g6 3. c4 Bg7 4. Be3 O-O 5. g3 d6 6. Bg2 c5 7. Nbd2 cxd4 8. Bxd4
Nc6 9. Bc3 Rb8 10. b3 a6 11. O-O b5 12. cxb5 axb5 13. b4 Bb7 14. Rc1 Nd5 15.
Bxg7 Kxg7 16. a3 Qb6 17. Nb3 Nf6 18. Rc2 Ra8 19. Qa1 Nxb4 20. Rc3 Ra4 21. Qb2
Nbd5 22. Rd3 Rfa8 23. Nbd2 b4 24. Nc4 Qb5 25. Nfd2 Nb6 26. Qb3 Bxg2 27. Kxg2
Nxc4 28. Nxc4 d5 29. Ne3 Rxa3 30. Qb2 Rxd3 31. exd3 b3 32. d4 Ra2 33. Qc3 Ne4
34. Qc7 b2 35. Qxe7 b1=Q 36. Qe5+ Nf6 37. Rxb1 Qxb1 38. Ng4 Qe4+ 39. Kh3 Qxe5
40. dxe5 Nxg4 41. Kxg4 Rxf2 42. h4 d4 43. h5 d3 44. Kg5 h6+ 45. Kg4 d2 46. hxg6
Kxg6 47. e6 fxe6 48. Kh4 d1=Q 49. g4 Qg1 50. g5 Rh2# {White checkmated} 0-1

[Event "Team 45 45 League T41"]
[Site "Internet Chess Club"]
[Date "2009.06.07"]
[Round "6"]
[White "Rubacchus"]
[Black "Danny-ONeil"]
[Result "1-0"]
[WhiteElo "1280"]
[BlackElo "1265"]
[Opening "Sicilian"]
[ECO "B50"]
[Time "09:00:31"]
[TimeControl "2700+45"]

1. e4 c5 2. Nf3 d6 3. Bc4 e6 4. O-O Be7 5. c3 Nf6 6. Qc2 O-O 7. h3 Nc6 8. d4 d5
9. e5 dxc4 10. exf6 Bxf6 11. dxc5 Ne5 12. Nxe5 Bxe5 13. f4 Bc7 14. Nd2 e5 15.
Nxc4 exf4 16. Bxf4 Bxf4 17. Rxf4 Qc7 18. Rh4 g6 19. b4 Bf5 20. Qf2 Rad8 21. Rd4
Rc8 22. Nd6 Rcd8 23. Nxf5 gxf5 24. Qxf5 Rxd4 25. cxd4 Re8 26. Kf2 Qd8 27. Qg4+
Kf8 28. Re1 Rxe1 29. Kxe1 Qe7+ 30. Kf2 Qf6+ 31. Kg3 Qg6 32. Qxg6 hxg6 33. Kg4
Ke7 34. Kg5 Ke6 35. a4 Kd5 36. b5 Kxd4 37. c6 f6+ 38. Kxf6 bxc6 39. bxc6 Kd5 40.
c7 Kd6 41. c8=Q a5 42. Qd8+ Kc5 43. Qxa5+ Kd4 44. Kxg6 Ke3 45. g4 Kf2 46. h4 Kg3
47. Qg5 Kg2 48. a5 Kf1 49. a6 Kg2 50. a7 Kf1 51. a8=Q Kf2 52. Qa3 Kg2 53. Qd2+
{Black resigns} 1-0

[Event "Team 45 45 League T41"]
[Site "Internet Chess Club"]
[Date "2009.06.07"]
[Round "6"]
[White "pedrin"]
[Black "dinkola"]
[Result "0-1"]
[WhiteElo "1233"]
[BlackElo "1590"]
[Opening "Alekhine's defense: exchange variation"]
[ECO "B03"]
[Time "10:10:37"]
[TimeControl "2700+45"]

1. e4 Nf6 2. e5 Nd5 3. d4 d6 4. c4 Nb6 5. exd6 exd6 6. Nf3 Bf5 7. Nc3 Nc6 8. d5
Nb4 9. Nd4 Bg6 10. Be2 Be7 11. a3 c5 12. axb4 cxd4 13. Qxd4 O-O 14. O-O Bf6 15.
Qg4 Re8 16. Bd2 Re5 17. Rfe1 Bh5 18. Qf4 Bg5 19. Qd4 Bxd2 20. Qxd2 Bxe2 21. Rxe2
Nxc4 22. Qf4 Rxe2 23. Nxe2 Ne5 24. h3 Qb6 25. Qd4 Qxd4 26. Nxd4 Nd3 27. Nb5 Nxb4
28. Nc7 Rb8 29. Rxa7 Kf8 30. Ra4 Rc8 31. Rxb4 Rxc7 32. Rb6 Ke7 33. b4 Rd7 34. f4
Kd8 35. g4 Kc7 36. Rb5 b6 37. f5 Re7 38. g5 Kb7 39. g6 fxg6 40. fxg6 hxg6 41.
Kg2 Ka6 42. Rc5 bxc5 43. bxc5 dxc5 {White resigns} 0-1

[Event "Team 45 45 League T41"]
[Site "Internet Chess Club"]
[Date "2009.06.08"]
[Round "6"]
[White "Xjxjbo"]
[Black "hondocando"]
[Result "0-1"]
[WhiteElo "1533"]
[BlackElo "1748"]
[Opening "Scandinavian: Marshall variation"]
[ECO "B01"]
[Time "12:11:20"]
[TimeControl "2700+45"]

1. e4 d5 2. exd5 Nf6 3. d4 Nxd5 4. Nf3 Bg4 5. c4 Nf6 6. Be2 e6 7. O-O Nc6 8. Be3
Be7 9. Nc3 a6 10. Qd2 Bb4 11. a3 Ne4 12. Qc1 Nxc3 13. bxc3 Be7 14. Rb1 b6 15.
Rd1 Bf6 16. h3 Bf5 17. Rb2 Be4 18. a4 O-O 19. Nd2 Bg6 20. Bf3 Qe8 21. a5 Rb8 22.
axb6 cxb6 23. Qa1 Na5 24. c5 Bd8 25. cxb6 Rxb6 26. Rxb6 Bxb6 27. Be2 Qa8 28. Nf3
Be4 29. Qb2 Rb8 30. Qd2 Nb3 31. Qa2 Na5 32. c4 Bc7 33. Bd2 Nc6 34. c5 a5 35. Bc3
Bd5 36. Qa4 Bb3 37. Qa1 Bxd1 38. Qxd1 Qb7 39. Bd3 h6 40. Nd2 a4 41. Qxa4 Ra8 42.
Qc2 Nb4 43. Be4 Nd5 44. Nc4 Qb5 45. Bb2 Ra2 46. Bd3 Nb4 47. Qb3 Qa4 48. Qxa4
Rxa4 49. Be2 Nd5 50. Kf1 Nf4 51. Ne3 Ra2 52. Nd1 Nxe2 53. Kxe2 Kf8 54. g3 Ke7
55. f4 g5 56. Kf3 gxf4 57. gxf4 f5 58. Ke3 Kd7 59. h4 Kc6 60. Bc3 Ra3 61. h5 Kd5
62. Kd3 Ba5 63. Kc2 Bc7 64. Ne3+ Ke4 65. Nc4 Ra2+ 66. Kb3 Rh2 67. Nd6+ Kxf4 68.
Bd2+ Rxd2 69. Nf7 Rxd4 70. Nxh6 Kg5 71. Kc3 Rd7 72. Ng8 f4 73. h6 Rh7 74. Kd4
e5+ 75. Ke4 Rxh6 76. Ne7 Rh3 77. Nd5 Bb8 78. c6 f3 79. Ke3 Ba7+ 80. Kd2 e4 81.
c7 Rh8 82. Ne7 e3+ 83. Ke1 Rh1# {White checkmated} 0-1

[Event "Team 45 45 League T41"]
[Site "Internet Chess Club"]
[Date "2009.06.06"]
[Round "6"]
[White "fishhead"]
[Black "Paulkov"]
[Result "1/2-1/2"]
[WhiteElo "1822"]
[BlackElo "1882"]
[Opening "KP: Nimzovich defense"]
[ECO "B00"]
[Time "19:00:08"]
[TimeControl "2700+45"]

1. e4 Nc6 2. d4 d6 3. d5 Ne5 4. f4 Nd7 5. Nf3 c6 6. c4 Ngf6 7. Nc3 Nc5 8. Qc2
Bg4 9. b4 Ncd7 10. Be2 cxd5 11. cxd5 Rc8 12. Bd2 g6 13. Qd3 Bg7 14. Rc1 O-O 15.
h3 Bxf3 16. Bxf3 a5 17. bxa5 Qxa5 18. O-O Nc5 19. Qb1 Nfd7 20. Rc2 Qb6 21. Kh2
Qxb1 22. Rxb1 b6 23. Nb5 Nd3 24. Rxc8 Rxc8 25. Bd1 Ra8 26. a3 N3c5 27. Bc2 h5
28. Kg3 Nf6 29. Kf3 e6 30. dxe6 fxe6 31. Bb4 d5 32. e5 Nfe4 33. Nc7 Rc8 34. Nb5
Bf8 35. g4 hxg4+ 36. hxg4 Kg7 37. Nd4 Kf7 38. Rh1 Bg7 39. Rh7 Kg8 40. Rh2 Kf7
41. Nb5 Rh8 42. Rxh8 Bxh8 43. Bxc5 Nxc5 44. Nd6+ Kg7 45. Nc8 Nd7 46. Ba4 Nc5 47.
Nxb6 Kf7 48. Bc2 g5 49. Nc8 gxf4 50. Kxf4 Nd7 51. Kg5 Nxe5 52. a4 Bf6+ 53. Kh5
Nc4 54. g5 Bd8 55. Na7 Kg7 56. Nc6 Bc7 57. Nd4 Be5 58. Nxe6+ Kf7 59. Nd8+ Kg7
60. g6 Kf6 61. Kh6 Nd6 62. g7 Nf7+ 63. Nxf7 Kxf7 {Game drawn by mutual
agreement} 1/2-1/2

[Event "Team 45 45 League T41"]
[Site "Internet Chess Club"]
[Date "2009.06.06"]
[Round "6"]
[White "Victorianum"]
[Black "CREDITorDEBIT"]
[Result "1-0"]
[WhiteElo "1788"]
[BlackElo "1683"]
[Opening "Sicilian: Prins (Moscow) variation"]
[ECO "B55"]
[Time "17:07:56"]
[TimeControl "2700+45"]

1. e4 c5 2. Nf3 d6 3. d4 cxd4 4. Nxd4 Nf6 5. f3 a6 6. c4 e6 7. Be3 Be7 8. Nc3
Nbd7 9. Be2 Qc7 10. Rc1 O-O 11. O-O Nb6 12. b3 Bd7 13. Qd2 Rad8 14. Rfd1 Bc8 15.
Qe1 Nbd7 16. Kh1 h6 17. f4 Nc5 18. Bf3 e5 19. Nf5 Bxf5 20. exf5 Nh7 21. Nd5 Qd7
22. fxe5 Bg5 23. exd6 Bxe3 24. Qxe3 Qxd6 25. Ne7+ {Black resigns} 1-0

[Event "Team 45 45 League T41"]
[Site "Internet Chess Club"]
[Date "2009.06.05"]
[Round "6"]
[White "woodmover"]
[Black "Rhel"]
[Result "0-1"]
[WhiteElo "1711"]
[BlackElo "1594"]
[Opening "Sicilian: Smith-Morra gambit"]
[ECO "B21"]
[Time "14:34:52"]
[TimeControl "2700+45"]

1. e4 c5 2. d4 cxd4 3. c3 g6 4. cxd4 d5 5. e5 Bg7 6. Nc3 Nc6 7. Be3 f6 8. f4 Nh6
9. h3 Nf5 10. Ne4 Nxe3 {White resigns} 0-1

[Event "Team 45 45 League T41"]
[Site "Internet Chess Club"]
[Date "2009.06.07"]
[Round "6"]
[White "allanchs"]
[Black "cknights"]
[Result "0-1"]
[WhiteElo "1526"]
[BlackElo "1894"]
[Opening "QGD semi-Slav"]
[ECO "D43"]
[Time "12:00:16"]
[TimeControl "2700+45"]

1. d4 d5 2. c4 c6 3. Nc3 Nf6 4. Nf3 e6 5. Bg5 h6 6. Bh4 dxc4 7. e3 b5 8. a4 Bb4
9. Be2 g5 10. Bg3 Ne4 11. Qc2 Nxg3 12. hxg3 Bb7 13. O-O a6 14. axb5 cxb5 15.
Rad1 O-O 16. Ne4 f5 17. Nc5 Bxc5 18. dxc5 Qe7 19. Rd6 Nd7 20. Rfd1 Nxc5 21. Ne5
Bd5 22. R6xd5 exd5 23. Ng6 Qe6 24. Nxf8 Rxf8 25. f4 Qxe3+ 26. Kh1 Ne4 27. Bf3
gxf4 28. gxf4 Nf2+ {White resigns} 0-1

[Event "Team 45 45 League T41"]
[Site "Internet Chess Club"]
[Date "2009.06.06"]
[Round "6"]
[White "eurander"]
[Black "jonesey"]
[Result "1-0"]
[WhiteElo "2242"]
[BlackElo "2039"]
[Opening "Sicilian: Alapin's variation (2.c3)"]
[ECO "B22"]
[Time "10:09:44"]
[TimeControl "2700+45"]

1. e4 c5 2. c3 Nf6 3. e5 Nd5 4. d4 cxd4 5. cxd4 Nc6 6. Nf3 d6 7. Bc4 Nb6 8. Bb5
dxe5 9. Nxe5 Bd7 10. Nxd7 Qxd7 11. Nc3 e6 12. O-O Be7 13. Qg4 O-O 14. Bxc6 Qxc6
15. Bh6 e5 {Black resigns} 1-0

[Event "Team 45 45 League T41"]
[Site "Internet Chess Club"]
[Date "2009.06.09"]
[Round "6"]
[White "fledermaus"]
[Black "pestka"]
[Result "0-1"]
[WhiteElo "1977"]
[BlackElo "2205"]
[Opening "Philidor: Hanham, Krause variation"]
[ECO "C41"]
[Time "15:54:55"]
[TimeControl "2700+45"]

1. e4 e5 2. Nf3 d6 3. d4 Nd7 4. Bc4 c6 5. O-O Be7 6. a4 Ngf6 7. Nc3 O-O 8. Re1
b6 9. d5 cxd5 10. Nxd5 Bb7 11. Ra3 Rc8 12. Rc3 Nc5 13. Nxf6+ Bxf6 14. Bd5 Bxd5
15. Qxd5 Nxa4 16. Ra3 Qd7 17. Qa2 b5 18. b3 Nc3 19. Rxa7 Qg4 20. Qa5 Nxe4 21.
Qxb5 Rxc2 22. h3 Qg6 23. Be3 Nxf2 24. Bxf2 e4 25. Nd4 Bxd4 26. Re2 e3 27. Be1
Rxe2 28. Qxe2 Bxa7 {White resigns} 0-1

[Event "Team 45 45 League T41"]
[Site "Internet Chess Club"]
[Date "2009.06.09"]
[Round "6"]
[White "tourettes"]
[Black "Chessrascal"]
[Result "0-1"]
[WhiteElo "1741"]
[BlackElo "2179"]
[Opening "Sicilian: closed"]
[ECO "B24"]
[Time "14:04:18"]
[TimeControl "2700+45"]

1. e4 c5 2. Nc3 Nc6 3. g3 g6 4. Bg2 Bg7 5. Nge2 e6 6. O-O Nge7 7. d3 O-O 8. f4
d5 9. exd5 exd5 10. h3 h5 11. Kh2 Be6 12. a3 Rc8 13. Rb1 a5 14. Qe1 Qd7 15. Na4
Qd6 16. Nac3 Nd4 17. Nxd4 cxd4 18. Nd1 Rxc2 19. Qxa5 Qd7 20. Nf2 Rfc8 21. Qe1
Nf5 22. b4 h4 23. g4 Ng3 24. Rh1 Nxh1 25. Kxh1 Re8 26. Qf1 Qb5 27. Kg1 Bd7 28.
Bf3 Qc6 29. b5 Qc3 {White resigns} 0-1

[Event "Team 45 45 League T41"]
[Site "Internet Chess Club"]
[Date "2009.06.08"]
[Round "6"]
[White "chiiwen"]
[Black "Fidius"]
[Result "0-1"]
[WhiteElo "2049"]
[BlackElo "2215"]
[Opening "Queen's pawn game, Darooha variation "]
[ECO "D02"]
[Time "22:12:45"]
[TimeControl "2700+45"]

1. d4 d5 2. Nf3 Nf6 3. c3 e6 4. Bg5 Be7 5. e3 c5 6. Bd3 Nc6 7. Nbd2 Qb6 8. Qc2
h6 9. Bxf6 Bxf6 10. dxc5 Qxc5 11. e4 O-O 12. O-O Re8 13. Rfe1 Bd7 14. Nb3 Qd6
15. Rad1 a5 16. exd5 exd5 17. Rxe8+ Rxe8 18. Bf5 Bxf5 19. Qxf5 a4 20. Nbd4 Nxd4
21. Nxd4 Bxd4 22. cxd4 Qb4 23. h3 Qxb2 24. Qxd5 Re2 25. Rf1 g6 26. Qc4 Qxa2 27.
Qc8+ Kg7 28. Qxb7 a3 29. d5 Qb2 30. Qa7 Rd2 31. Qa5 a2 32. Qa7 Rxd5 {White
resigns} 0-1

[Event "Team 45 45 League T41"]
[Site "Internet Chess Club"]
[Date "2009.06.06"]
[Round "6"]
[White "chess9397"]
[Black "hewdondada"]
[Result "1/2-1/2"]
[WhiteElo "1827"]
[BlackElo "1776"]
[Opening "Scandinavian (center counter) defense"]
[ECO "B01"]
[Time "13:10:51"]
[TimeControl "2700+45"]

1. e4 d5 2. exd5 Qxd5 3. Nc3 Qa5 4. d4 Nf6 5. Nf3 Ne4 6. Bd2 Nxd2 7. Qxd2 Bf5 8.
Bd3 Nd7 9. Nb5 Qxd2+ 10. Kxd2 Bxd3 11. Kxd3 Kd8 12. Ng5 Kc8 13. Nxf7 Rg8 14. Ng5
c6 15. Nc3 e5 16. Nxh7 exd4 17. Nxf8 dxc3 18. Nxd7 cxb2 19. Rad1 Kxd7 20. Kc3+
Kc7 21. Kxb2 Raf8 22. f3 Rh8 23. h4 Rh5 24. g4 Rb5+ 25. Kc1 Rxf3 26. Rhe1 Rh3
27. Re7+ Kb6 28. h5 Rg5 29. Rdd7 Rxg4 30. Rxb7+ Kc5 31. Rxa7 Kd6 32. Rxg7 Rxg7
33. Rxg7 Rxh5 34. Rg4 Kc5 35. Kb2 Kb5 36. a4+ Ka5 37. Kb3 Rh3+ 38. c3 Rh8 39.
Rg5+ Ka6 40. Kc4 Rh4+ 41. Kc5 Rxa4 42. Kxc6 Rh4 43. Rc5 Rh6+ 44. Kd5 Kb6 45. Rc8
Kb7 46. Re8 Rh5+ 47. Re5 Rxe5+ 48. Kxe5 Kc6 49. Kd4 Kd6 50. Kc4 Kc6 51. Kb4 Kb6
52. c4 Kc6 53. c5 Kc7 54. Kb5 Kb7 55. c6+ Kc7 56. Kc5 Kc8 57. Kd5 Kc7 58. Kc5
Kc8 59. Kb6 Kb8 60. Kc5 Kc7 61. Kd5 Kc8 62. Kd6 Kd8 63. Kc5 Kc7 64. Kd5 Kc8 65.
Kd6 Kd8 66. Kd5 Kc7 67. Kc5 {Game drawn by repetition} 1/2-1/2

[Event "Team 45 45 League T41"]
[Site "Internet Chess Club"]
[Date "2009.06.07"]
[Round "6"]
[White "mugurelt"]
[Black "chess9793"]
[Result "0-1"]
[WhiteElo "1700"]
[BlackElo "1875"]
[Opening "English: symmetrical variation"]
[ECO "A38"]
[Time "23:37:12"]
[TimeControl "2700+45"]

1. c4 c5 2. g3 g6 3. Bg2 Bg7 4. Nc3 Nc6 5. Nf3 Nf6 6. d4 cxd4 7. Nxd4 O-O 8. O-O
Nxd4 9. Qxd4 d6 10. Qd1 a6 11. h3 Qc7 12. Nd5 Nxd5 13. cxd5 b5 14. Qb3 Qc4 15.
Qe3 Re8 16. b3 Qc2 17. Be4 Qc7 18. Rb1 Bxh3 19. Rd1 Rac8 20. Bb2 Bxb2 21. Rxb2
Qc3 22. Qd2 Qxd2 23. Rbxd2 Rc3 24. f3 Bd7 25. g4 b4 26. Kf2 Rec8 27. Bd3 a5 28.
e4 a4 29. Bc4 Rc5 30. Kg3 a3 31. Rh2 f5 32. Kf4 fxg4 33. fxg4 Rc8 34. Rdh1 Rf8+
35. Kg5 Rf7 36. Rf1 Rxf1 37. Bxf1 Rc1 38. Bc4 Rg1 39. Be2 Rb1 40. Bd3 Rd1 41.
Bc4 Rg1 42. Be2 Kg7 43. Kf4 h6 44. g5 hxg5+ 45. Ke3 Rb1 46. Bd3 Rb2 47. Rc2 Rxc2
48. Bxc2 Bb5 49. Bd1 Kf6 50. Bg4 Ke5 51. Bc8 Ba4 52. bxa4 b3 53. axb3 a2 54. Ba6
a1=Q 55. Bc4 Qe1+ 56. Be2 Qc3+ 57. Bd3 Qxb3 58. a5 g4 59. a6 g3 60. Kf3 Qxd3+
61. Kg2 Kf4 62. a7 Qe2+ 63. Kh3 Qh2# {White checkmated} 0-1

[Event "Team 45 45 League T41"]
[Site "Internet Chess Club"]
[Date "2009.06.06"]
[Round "6"]
[White "Invicta-Knight"]
[Black "Jasher"]
[Result "1-0"]
[WhiteElo "1598"]
[BlackElo "1445"]
[Opening "Caro-Kann: Panov-Botvinnik attack, 5...e6"]
[ECO "B14"]
[Time "12:03:19"]
[TimeControl "2700+45"]

1. e4 c6 2. d4 d5 3. exd5 cxd5 4. c4 Nf6 5. Nc3 e6 6. Nf3 Nc6 7. c5 Bd7 8. Bb5
b6 9. Bxc6 Bxc6 10. b4 a6 11. O-O Be7 12. a4 bxc5 13. bxc5 Qc7 14. Qe2 O-O 15.
Re1 Rfe8 16. Ne5 Ne4 17. Nxe4 dxe4 18. Nxc6 Qxc6 19. Qxe4 Qxe4 20. Rxe4 Bf6 21.
Bf4 Be7 22. Rb1 g5 23. Bxg5 Bxg5 24. Rg4 f6 25. h4 h5 26. Rg3 Kf7 27. hxg5 fxg5
28. Rxg5 Rg8 29. Rxg8 Rxg8 30. Rb6 Ra8 31. c6 a5 32. c7 Rc8 33. Rb7 Ke7 34. f3
Kd7 35. Kf2 Rxc7 36. Rxc7+ Kxc7 37. Ke3 Kd6 38. Ke4 h4 39. f4 Ke7 40. Ke5 Kd7
41. d5 exd5 42. Kxd5 Ke7 43. Ke5 Kf7 44. f5 h3 45. gxh3 Kf8 46. Kf6 Kg8 47. Ke7
Kg7 48. f6+ {Black resigns} 1-0